Flames vs Flyers
Created - January 25, 2020 at 19:09
Goals
|
Flames |
0 |
1 |
0 |
1 |
Flyers |
2 |
1 |
3 |
6 |
|
Shots
|
Flames |
14 |
3 |
11 |
28 |
Flyers |
12 |
2 |
18 |
32 |
|
1st period
1. Flyers , Brock Nelson 6 (Jordan Nolan 19) at 8:28
2. Flyers , Drew Miller 15 (Matt Smaby 16, Jeff Carter 30) at 18:35
Penalties :
Alexander Semin (Cal) for Hooking (Minor) at 6:00, Brad Marchand (Cal) for Interference (Minor) at 8:31, Brendan Mikkelson (Cal) for Tripping (Minor) at 12:41
2nd period
3. Flames , Colin Wilson 10 (Jordin Tootoo 8, Erik Johnson 17) at 2:47
4. Flyers , Drew Miller 16 (Jakub Voracek 15, Jeff Carter 31) at 3:43
Penalties :
No Penalty
3rd period
5. Flyers , Drew Miller 17 (Jeff Carter 32) at 5:51
6. Flyers , Chris Mcallister 11 (Oliver Ekman-Larsson 11, Nathan Beaulieu 8) at 15:20
7. Flyers , Brock Nelson 7 (Tomas Kubalik 5, Oliver Ekman-Larsson 12) at 17:25
Penalties :
No Penalty
Goalie Stats
Jonas Gustavsson (Cal), 15 saves from 19 shots - (0.789), L, 15-11-2, 45:51 minutes
Pekka Rinne (Cal), 11 saves from 13 shots - (0.846), 14:09 minutes
Steve Mason (Phi), 27 saves from 28 shots - (0.964), W, 17-10-2, 60:00 minutes
Players Stats for Flames
Player Name G A P +/- PIM S H SB GA TA FO MP PP MP PK MP
------------------------------------------------------------------------------------
Alexander Semin 0 0 0 -2 2 6 2 1 1 1 1/1 20:05 0:00 1:05
Brad Marchand 0 0 0 -1 2 4 1 1 2 0 0/2 17:40 0:00 1:46
Brendan Mikkelson 0 0 0 -3 2 0 2 0 0 0 0/0 13:50 0:00 0:00
Colin Wilson 1 0 1 -1 0 3 0 2 0 0 2/5 14:26 0:00 2:51
David Backes 0 0 0 -2 0 2 0 0 0 0 1/2 19:00 0:00 0:00
David Ullstrom 0 0 0 -1 0 2 0 0 0 0 0/0 8:29 0:00 0:00
Derek Meech 0 0 0 -2 0 1 1 0 0 0 0/0 23:32 0:00 3:38
Eric Staal 0 0 0 -2 0 3 3 0 2 0 8/19 19:09 0:00 0:10
Erik Johnson 0 1 1 0 0 0 1 1 1 0 0/0 22:33 0:00 2:19
Jordin Tootoo 0 1 1 -1 0 1 2 0 2 0 0/0 14:00 0:00 2:56
Kyle Palmieri 0 0 0 -1 0 0 1 0 0 1 0/0 8:48 0:00 0:00
Mikhail Grabovski 0 0 0 -1 0 0 5 1 1 0 1/1 8:35 0:00 0:00
Patrik Berglund 0 0 0 -1 0 1 0 0 0 1 9/20 18:22 0:00 2:56
Peter Prucha 0 0 0 -1 0 1 3 0 1 1 0/1 15:26 0:00 0:00
Sami Vatanen 0 0 0 0 0 0 1 0 0 0 0/0 19:52 0:00 0:00
Steve Eminger 0 0 0 -2 0 1 1 0 0 0 0/0 23:12 0:00 3:38
Steve Regier 0 0 0 -1 0 2 1 0 0 0 0/0 11:10 0:00 0:10
Tim Ramholt 0 0 0 -3 0 1 2 0 0 0 0/0 15:51 0:00 2:19
Players Stats for Flyers
Player Name G A P +/- PIM S H SB GA TA FO MP PP MP PK MP
------------------------------------------------------------------------------------
Brian Lashoff 0 0 0 0 0 1 4 0 0 0 0/0 13:53 0:05 0:00
Brock Nelson 2 0 2 1 0 3 2 0 1 1 1/1 15:17 0:00 0:00
Chris Mcallister 1 0 1 1 0 1 3 0 0 0 0/0 9:18 0:00 0:00
Drew Miller 3 0 3 3 0 6 2 0 0 0 0/2 18:01 3:10 0:00
J.T. Miller 0 0 0 0 0 5 2 0 0 0 0/2 17:55 2:47 0:00
Jakub Voracek 0 1 1 3 0 2 2 1 0 0 0/0 18:01 3:10 0:00
Jeff Carter 0 3 3 3 0 0 1 0 0 1 9/14 17:59 3:03 0:00
Jeff Woywitka 0 0 0 1 0 0 1 2 1 1 0/0 20:07 2:57 0:00
Jonathan Ericsson 0 0 0 1 0 0 2 1 0 2 0/0 22:29 2:52 0:00
Jordan Nolan 0 1 1 1 0 3 2 0 0 3 7/13 15:25 0:07 0:00
Marcus Kruger 0 0 0 0 0 2 3 0 0 0 9/14 17:49 2:47 0:00
Mats Zuccarello 0 0 0 0 0 3 2 0 0 0 0/1 17:42 2:47 0:00
Matt Smaby 0 1 1 1 0 2 3 1 0 0 0/0 19:25 0:00 0:00
Matthew Lombardi 0 0 0 1 0 1 1 0 0 0 2/3 9:06 0:00 0:00
Nathan Beaulieu 0 1 1 3 0 1 2 0 0 2 0/0 20:07 3:00 0:00
Oliver Ekman-Larsson 0 2 2 4 0 1 2 0 0 0 0/0 22:56 3:00 0:00
Ryan Callahan 0 0 0 1 0 0 0 0 0 0 0/0 9:07 0:00 0:00
Tomas Kubalik 0 1 1 1 0 1 1 1 2 0 1/1 15:23 0:00 0:00
3 Stars
1 - Drew Miller (Phi)
2 - Brock Nelson (Phi)
3 - Jeff Carter (Phi)
Power Play
Flames - 0 on 0 Attempt(s) - 0.00%
Flyers - 0 on 3 Attempt(s) - 0.00%
Penalty Kill
Flames - 3 on 3 Attempt(s) - 100.00%
- Score 0 goal in Penalty Kill
Flyers - 0 on 0 Attempt(s) - 0.00%
- Score 0 goal in Penalty Kill
Team Stat
Flames - Hits : 26 - Faceoff Wins : 22 - Blocked Shots : 6 - Penalty Minutes : 6
Flyers - Hits : 35 - Faceoff Wins : 29 - Blocked Shots : 6 - Penalty Minutes : 0
Official
Referees : Unknown
Linesman : Unknown
Game Notes
Drew Miller has scored a Hat Trick!
Pekka Rinne enters game at 5:51 of 3rd period
Finance
Level 1 -- Attendance: 6000 (100.00%) -- Ticket Income $630,000
Level 2 -- Attendance: 3659 (73.18%) -- Ticket Income $256,130
Level 3 -- Attendance: 1744 (87.20%) -- Ticket Income $78,480
Level 4 -- Attendance: 3809 (95.23%) -- Ticket Income $114,270
Luxury Box -- Attendance: 945 (94.50%) -- Ticket Income $170,100
Game was played at the Wells Fargo Center.
Total Attendance: 16157 (89.76%)
Total Ticket Income: $1,248,980
Other Income: $187,347
Total Income: $1,436,327
Flames
5 vs 5 Forward
Center Left Wing Right Wing Time % Phy DF OF
1 Eric Staal Alexander Semin David Backes 40 2 2 1
2 Patrik Berglund Brad Marchand Peter Prucha 33 2 2 1
3 Colin Wilson Steve Regier Jordin Tootoo 19 2 2 1
4 Mikhail Grabovski David Ullstrom Kyle Palmieri 8 2 2 1
5 vs 5 Defense
Defense Defense Time % Phy DF OF
1 Erik Johnson Sami Vatanen 38 2 2 1
2 Derek Meech Steve Eminger 29 2 2 1
3 Brendan Mikkelson Tim Ramholt 23 2 2 1
4 Derek Meech Steve Eminger 10 2 2 1
PowerPlay Forward
Center Left Wing Right Wing Time % Phy DF OF
1 Eric Staal Alexander Semin David Backes 60 1 0 4
2 Patrik Berglund Brad Marchand Peter Prucha 40 1 0 4
PowerPlay Defense
Defense Defense Time % Phy DF OF
1 Erik Johnson Sami Vatanen 60 1 1 3
2 Derek Meech Tim Ramholt 40 1 1 3
Penalty Kill 4 Players Forward
Center Wing Time % Phy DF OF
1 Colin Wilson Brad Marchand 50 1 4 0
2 Patrik Berglund Jordin Tootoo 50 1 4 0
Penalty Kill 4 Players Defense
Defense Defense Time % Phy DF OF
1 Derek Meech Steve Eminger 58 1 4 0
2 Erik Johnson Tim Ramholt 42 1 4 0
Penalty Kill - 3 Players Forward
Forward Time % Phy DF OF
1 Eric Staal 50 1 4 0
2 Brad Marchand 50 1 4 0
Penalty Kill - 3 Players Defense
Defense Defense Time % Phy DF OF
1 Derek Meech Steve Eminger 58 1 4 0
2 Erik Johnson Tim Ramholt 42 1 4 0
4 vs 4 Forward
Center Wing Time % Phy DF OF
1 Eric Staal Alexander Semin 60 2 2 1
2 Colin Wilson Brad Marchand 40 2 2 1
4 vs 4 Defense
Defense Defense Time % Phy DF OF
1 Erik Johnson Sami Vatanen 60 2 2 1
2 Derek Meech Steve Eminger 40 2 2 1
Last Minutes Offensive
Center Left Wing Right Wing Defense Defense
Eric Staal Alexander Semin David Backes Erik Johnson Tim Ramholt
Last Minutes Defensive
Center Left Wing Right Wing Defense Defense
Eric Staal Alexander Semin David Backes Erik Johnson Steve Eminger
Goaltenders
Starting : Jonas Gustavsson
Backup : Pekka Rinne
Extra Forwards
Normal : Brad Marchand, Jordin Tootoo, David Ullstrom - PP : David Ullstrom, Colin Wilson - PK : Brad Marchand
Extra Defensemen
Normal : Derek Meech, Steve Eminger, Tim Ramholt - PP : Derek Meech - PK : Erik Johnson, Tim Ramholt
Penalty Shots
Eric Staal, Alexander Semin, David Backes, Brad Marchand, Patrik Berglund
Scratches
None
Flyers
5 vs 5 Forward
Center Left Wing Right Wing Time % Phy DF OF
1 Jeff Carter Drew Miller Jakub Voracek 30 0 1 4
2 Marcus Kruger J.T. Miller Mats Zuccarello 30 0 1 4
3 Jordan Nolan Brock Nelson Tomas Kubalik 30 0 2 3
4 Matthew Lombardi Chris Mcallister Ryan Callahan 10 1 3 1
5 vs 5 Defense
Defense Defense Time % Phy DF OF
1 Matt Smaby Jonathan Ericsson 40 1 2 2
2 Nathan Beaulieu Oliver Ekman-Larsson 30 1 2 2
3 Brian Lashoff Jeff Woywitka 20 1 2 2
4 Oliver Ekman-Larsson Jeff Woywitka 10 1 2 2
PowerPlay Forward
Center Left Wing Right Wing Time % Phy DF OF
1 Jeff Carter Drew Miller Jakub Voracek 60 0 0 5
2 Marcus Kruger J.T. Miller Mats Zuccarello 40 0 0 5
PowerPlay Defense
Defense Defense Time % Phy DF OF
1 Jonathan Ericsson Jeff Woywitka 60 0 2 3
2 Oliver Ekman-Larsson Nathan Beaulieu 40 0 2 3
Penalty Kill 4 Players Forward
Center Wing Time % Phy DF OF
1 Matthew Lombardi Chris Mcallister 60 0 4 1
2 Jordan Nolan Drew Miller 40 0 4 1
Penalty Kill 4 Players Defense
Defense Defense Time % Phy DF OF
1 Brian Lashoff Jeff Woywitka 60 1 4 0
2 Matt Smaby Oliver Ekman-Larsson 40 1 4 0
Penalty Kill - 3 Players Forward
Forward Time % Phy DF OF
1 Matthew Lombardi 60 0 4 1
2 Jordan Nolan 40 0 4 1
Penalty Kill - 3 Players Defense
Defense Defense Time % Phy DF OF
1 Brian Lashoff Jeff Woywitka 60 1 4 0
2 Matt Smaby Oliver Ekman-Larsson 40 1 4 0
4 vs 4 Forward
Center Wing Time % Phy DF OF
1 Jeff Carter J.T. Miller 60 0 2 3
2 Marcus Kruger Drew Miller 40 0 2 3
4 vs 4 Defense
Defense Defense Time % Phy DF OF
1 Jonathan Ericsson Matt Smaby 60 0 3 2
2 Nathan Beaulieu Oliver Ekman-Larsson 40 0 3 2
Last Minutes Offensive
Center Left Wing Right Wing Defense Defense
Jeff Carter Drew Miller Jakub Voracek Oliver Ekman-Larsson Jeff Woywitka
Last Minutes Defensive
Center Left Wing Right Wing Defense Defense
Matthew Lombardi Chris Mcallister Ryan Callahan Oliver Ekman-Larsson Jeff Woywitka
Goaltenders
Starting : Steve Mason
Backup : Cam Ward
Extra Forwards
Normal : Jeff Carter, Chris Mcallister, Drew Miller - PP : Jeff Carter, Drew Miller - PK : Chris Mcallister
Extra Defensemen
Normal : Brian Lashoff, Nathan Beaulieu, Matt Smaby - PP : Brian Lashoff - PK : Nathan Beaulieu, Matt Smaby
Penalty Shots
Jeff Carter, Jordan Nolan, J.T. Miller, Jakub Voracek, Ryan Callahan
Scratches
None
% Time on Ice - Flames
Lines # - Real PCT - Wanted PCT - Time Play
Normal Forward
1 - 36% - 40% - 19:32
2 - 29% - 33% - 15:55
3 - 20% - 19% - 10:43
4 - 15% - 8% - 7:53
Normal Defense
1 - 39% - 38% - 21:09
2 - 29% - 29% - 15:27
3 - 23% - 23% - 12:41
4 - 9% - 10% - 4:46
PP Forward
1 - 0% - 60%
2 - 0% - 40%
PP Defense
1 - 0% - 60%
2 - 0% - 40%
PK Forward
1 - 51% - 50% - 3:01
2 - 49% - 50% - 2:56
PK Defense
1 - 61% - 58% - 3:38
2 - 39% - 42% - 2:19
PK3 Forward
1 - 0% - 50%
2 - 0% - 50%
PK3 Defense
1 - 0% - 58%
2 - 0% - 42%
44 Forward
1 - 0% - 60%
2 - 0% - 40%
44 Defense
1 - 0% - 60%
2 - 0% - 40%
Last Minute Offensive - 0:00
Last Minute Defensive - 0:00
Total
Forward - 60:00
Defense - 60:00
|
% Time on Ice - Flyers
Lines # - Real PCT - Wanted PCT - Time Play
Normal Forward
1 - 27% - 30% - 14:51
2 - 28% - 30% - 14:52
3 - 28% - 30% - 15:13
4 - 17% - 10% - 9:07
Normal Defense
1 - 40% - 40% - 21:27
2 - 30% - 30% - 16:01
3 - 22% - 20% - 11:39
4 - 9% - 10% - 4:56
PP Forward
1 - 53% - 60% - 3:10
2 - 47% - 40% - 2:47
PP Defense
1 - 50% - 60% - 2:57
2 - 50% - 40% - 3:00
PK Forward
1 - 0% - 60%
2 - 0% - 40%
PK Defense
1 - 0% - 60%
2 - 0% - 40%
PK3 Forward
1 - 0% - 60%
2 - 0% - 40%
PK3 Defense
1 - 0% - 60%
2 - 0% - 40%
44 Forward
1 - 0% - 60%
2 - 0% - 40%
44 Defense
1 - 0% - 60%
2 - 0% - 40%
Last Minute Offensive - 0:00
Last Minute Defensive - 0:00
Total
Forward - 60:00
Defense - 60:00
|
Play-by-Play
1st period
0:01 of 1st period - David Backes wins face-off versus Drew Miller in neutral zone.
0:04 of 1st period - Snap shot by Eric Staal.
0:04 of 1st period - Shot Blocked by Jonathan Ericsson.
0:36 of 1st period - Snap shot by Marcus Kruger.
0:36 of 1st period - Stopped by Jonas Gustavsson with a rebound.
0:58 of 1st period - Steve Eminger is hit by Jonathan Ericsson and loses puck.
1:18 of 1st period - Derek Meech is hit by Chris Mcallister.
2:09 of 1st period - Backhand shot by Steve Regier.
2:09 of 1st period - Stopped by Steve Mason without a rebound.
2:10 of 1st period - Marcus Kruger wins face-off versus Eric Staal in Flyers zone.
2:23 of 1st period - Wrist shot by Alexander Semin.
2:23 of 1st period - Stopped by Steve Mason with a rebound.
2:25 of 1st period - Wrist shot by Eric Staal.
2:25 of 1st period - Deflect By Jeff Woywitka.
2:25 of 1st period - Stopped by Steve Mason without a rebound.
2:26 of 1st period - Patrik Berglund wins face-off versus Jordan Nolan in Flyers zone.
2:33 of 1st period - Wrist shot by Brad Marchand.
2:33 of 1st period - Deflect By Brock Nelson.
2:33 of 1st period - Shot Blocked by Jeff Woywitka.
2:33 of 1st period - Puck is out of play.
2:34 of 1st period - Jordan Nolan wins face-off versus Patrik Berglund in Flyers zone.
2:46 of 1st period - Off-side.
2:47 of 1st period - Eric Staal wins face-off versus Mats Zuccarello in neutral zone.
3:27 of 1st period - Jeff Woywitka is hit by Eric Staal and loses puck.
3:39 of 1st period - Off-side.
3:40 of 1st period - Patrik Berglund wins face-off versus Jordan Nolan in neutral zone.
3:51 of 1st period - Slapshot by Brad Marchand.
3:51 of 1st period - Stopped by Steve Mason with a rebound.
4:13 of 1st period - Slapshot by David Ullstrom.
4:13 of 1st period - Stopped by Steve Mason with a rebound.
4:19 of 1st period - David Ullstrom is hit by Matt Smaby and loses puck.
5:32 of 1st period - Snap shot by J.T. Miller.
5:32 of 1st period - Stopped by Jonas Gustavsson without a rebound.
5:33 of 1st period - Jordan Nolan wins face-off versus Eric Staal in Flames zone.
5:36 of 1st period - Snap shot by Tomas Kubalik.
5:36 of 1st period - Shot Misses the Net.
5:38 of 1st period - Slapshot by Brian Lashoff.
5:38 of 1st period - Stopped by Jonas Gustavsson without a rebound.
5:39 of 1st period - Tomas Kubalik wins face-off versus Eric Staal in Flames zone.
5:50 of 1st period - Snap shot by Tomas Kubalik.
5:50 of 1st period - Shot Misses the Net.
5:52 of 1st period - Wrist shot by Brock Nelson.
5:52 of 1st period - Shot Blocked by Erik Johnson.
5:54 of 1st period - Snap shot by Jordan Nolan.
5:54 of 1st period - Stopped by Jonas Gustavsson with a rebound.
6:00 of 1st period - Minor Penalty to Alexander Semin for Hooking.
6:01 of 1st period - Jeff Carter wins face-off versus Colin Wilson in Flames zone.
6:28 of 1st period - Derek Meech is hit by Marcus Kruger and loses puck.
6:45 of 1st period - Wrist shot by Patrik Berglund.
6:45 of 1st period - Stopped by Steve Mason without a rebound.
6:46 of 1st period - Colin Wilson wins face-off versus Jeff Carter in Flyers zone.
7:15 of 1st period - Snap shot by Marcus Kruger.
7:15 of 1st period - Shot Blocked by Colin Wilson.
7:17 of 1st period - Backhand shot by Oliver Ekman-Larsson.
7:17 of 1st period - Shot Blocked by Colin Wilson.
8:00 of 1st period - Penalty to Alexander Semin is over, Alexander Semin is back on ice.
8:07 of 1st period - Slapshot by Kyle Palmieri.
8:07 of 1st period - Shot Misses the Net.
8:09 of 1st period - Slapshot by Derek Meech.
8:09 of 1st period - Stopped by Steve Mason with a rebound.
8:11 of 1st period - Slapshot by Steve Eminger.
8:11 of 1st period - Stopped by Steve Mason without a rebound.
8:12 of 1st period - Mikhail Grabovski wins face-off versus Jordan Nolan in Flyers zone.
8:28 of 1st period - Wrist shot by Brock Nelson.
8:28 of 1st period - Goal by Brock Nelson - Flames : 0 - Flyers : 1.
8:29 of 1st period - Patrik Berglund wins face-off versus Marcus Kruger in neutral zone.
8:31 of 1st period - Minor Penalty to Brad Marchand for Interference.
8:32 of 1st period - Jeff Carter wins face-off versus Colin Wilson in Flames zone.
8:32 of 1st period - Snap shot by Drew Miller.
8:32 of 1st period - Stopped by Jonas Gustavsson with a rebound.
9:54 of 1st period - Erik Johnson is hit by Mats Zuccarello and loses puck.
10:31 of 1st period - Penalty to Brad Marchand is over, Brad Marchand is back on ice.
10:55 of 1st period - Patrik Berglund is hit by Matt Smaby and loses puck.
11:34 of 1st period - Sami Vatanen is hit by Drew Miller and loses puck.
12:16 of 1st period - Jakub Voracek is hit by Mikhail Grabovski.
12:20 of 1st period - Jeff Carter is hit by Kyle Palmieri and loses puck.
12:41 of 1st period - Minor Penalty to Brendan Mikkelson for Tripping.
12:42 of 1st period - Jeff Carter wins face-off versus Patrik Berglund in Flames zone.
13:25 of 1st period - Slapshot by Jordin Tootoo.
13:25 of 1st period - Stopped by Steve Mason with a rebound.
14:41 of 1st period - Penalty to Brendan Mikkelson is over, Brendan Mikkelson is back on ice.
14:41 of 1st period - Tim Ramholt is hit by J.T. Miller and loses puck.
15:01 of 1st period - Icing by Ryan Callahan.
15:02 of 1st period - Eric Staal wins face-off versus Matthew Lombardi in Flyers zone.
15:21 of 1st period - Brian Lashoff is hit by Eric Staal and loses puck.
15:42 of 1st period - Wrist shot by David Ullstrom.
15:42 of 1st period - Stopped by Steve Mason without a rebound.
15:43 of 1st period - Marcus Kruger wins face-off versus Eric Staal in Flyers zone.
15:48 of 1st period - Steve Eminger is hit by Marcus Kruger and loses puck.
15:55 of 1st period - Snap shot by J.T. Miller.
15:55 of 1st period - Stopped by Jonas Gustavsson without a rebound.
15:56 of 1st period - Patrik Berglund wins face-off versus Jeff Carter in Flames zone.
16:05 of 1st period - Snap shot by Brad Marchand.
16:05 of 1st period - Stopped by Steve Mason without a rebound.
16:06 of 1st period - Patrik Berglund wins face-off versus Drew Miller in Flyers zone.
16:07 of 1st period - Wrist shot by Brad Marchand.
16:07 of 1st period - Deflect By Peter Prucha.
16:07 of 1st period - Shot Misses the Net.
16:07 of 1st period - Puck is out of play.
16:08 of 1st period - Patrik Berglund wins face-off versus Marcus Kruger in Flyers zone.
16:33 of 1st period - Alexander Semin is hit by Oliver Ekman-Larsson and loses puck.
16:54 of 1st period - Colin Wilson is hit by Jordan Nolan and loses puck.
17:03 of 1st period - Slapshot by Jordan Nolan.
17:03 of 1st period - Shot Misses the Net.
17:05 of 1st period - Snap shot by Jordan Nolan.
17:05 of 1st period - Stopped by Jonas Gustavsson without a rebound.
17:06 of 1st period - Patrik Berglund wins face-off versus Jeff Carter in Flames zone.
17:13 of 1st period - Snap shot by Brad Marchand.
17:13 of 1st period - Stopped by Steve Mason without a rebound.
17:14 of 1st period - Jeff Carter wins face-off versus Patrik Berglund in Flyers zone.
17:27 of 1st period - Wrist shot by Brad Marchand.
17:27 of 1st period - Shot Blocked by Jakub Voracek.
17:29 of 1st period - Snap shot by Patrik Berglund.
17:29 of 1st period - Shot Misses the Net.
17:36 of 1st period - Icing by Jonathan Ericsson.
17:37 of 1st period - Eric Staal wins face-off versus Jeff Carter in Flyers zone.
17:52 of 1st period - Slapshot by Alexander Semin.
17:52 of 1st period - Stopped by Steve Mason without a rebound.
17:53 of 1st period - Patrik Berglund wins face-off versus Marcus Kruger in Flyers zone.
18:02 of 1st period - Wrist shot by Brad Marchand.
18:02 of 1st period - Stopped by Steve Mason without a rebound.
18:03 of 1st period - Marcus Kruger wins face-off versus Brad Marchand in Flyers zone.
18:03 of 1st period - Marcus Kruger is hit by Peter Prucha.
18:11 of 1st period - Wrist shot by Marcus Kruger.
18:11 of 1st period - Shot Misses the Net.
18:25 of 1st period - Wrist shot by Mats Zuccarello.
18:25 of 1st period - Stopped by Jonas Gustavsson without a rebound.
18:26 of 1st period - Jeff Carter wins face-off versus Eric Staal in Flames zone.
18:29 of 1st period - Backhand shot by Drew Miller.
18:29 of 1st period - Stopped by Jonas Gustavsson with a rebound.
18:31 of 1st period - Slapshot by Matt Smaby.
18:31 of 1st period - Stopped by Jonas Gustavsson with a rebound.
18:33 of 1st period - Snap shot by Matt Smaby.
18:33 of 1st period - Shot Misses the Net.
18:35 of 1st period - Wrist shot by Drew Miller.
18:35 of 1st period - Goal by Drew Miller - Flames : 0 - Flyers : 2.
18:36 of 1st period - Marcus Kruger wins face-off versus Eric Staal in neutral zone.
18:50 of 1st period - Off-side.
18:51 of 1st period - Jeff Carter wins face-off versus Patrik Berglund in neutral zone.
19:18 of 1st period - Nathan Beaulieu is hit by Jordin Tootoo and loses puck.
19:25 of 1st period - Wrist shot by Colin Wilson.
19:25 of 1st period - Shot Misses the Net.
Goals for this period are 0 for Flames vs 2 for Flyers.
Shots for this period are 14 for Flames vs 12 for Flyers.
2nd period
0:01 of 2nd period - Eric Staal wins face-off versus Marcus Kruger in neutral zone.
0:26 of 2nd period - Jeff Carter is hit by Derek Meech and loses puck.
1:19 of 2nd period - Mikhail Grabovski is hit by Jonathan Ericsson and loses puck.
1:52 of 2nd period - Derek Meech is hit by Jeff Carter and loses puck.
2:17 of 2nd period - Snap shot by Steve Regier.
2:17 of 2nd period - Deflect By Colin Wilson.
2:17 of 2nd period - Shot Misses the Net.
2:17 of 2nd period - Puck is out of play.
2:18 of 2nd period - Colin Wilson wins face-off versus Jordan Nolan in Flyers zone.
2:31 of 2nd period - Slapshot by Colin Wilson.
2:31 of 2nd period - Shot Misses the Net.
2:33 of 2nd period - Snap shot by Tim Ramholt.
2:33 of 2nd period - Shot Blocked by Tomas Kubalik.
2:37 of 2nd period - Snap shot by Colin Wilson.
2:37 of 2nd period - Shot Misses the Net.
2:39 of 2nd period - Backhand shot by Tim Ramholt.
2:39 of 2nd period - Deflect By Brock Nelson.
2:39 of 2nd period - Stopped by Steve Mason with a rebound.
2:41 of 2nd period - Snap shot by Colin Wilson.
2:41 of 2nd period - Shot Misses the Net.
2:43 of 2nd period - Slapshot by Erik Johnson.
2:43 of 2nd period - Shot Blocked by Jeff Woywitka.
2:45 of 2nd period - Snap shot by Jordin Tootoo.
2:45 of 2nd period - Shot Misses the Net.
2:47 of 2nd period - Snap shot by Colin Wilson.
2:47 of 2nd period - Goal by Colin Wilson - Flames : 1 - Flyers : 2.
2:48 of 2nd period - Marcus Kruger wins face-off versus David Backes in neutral zone.
3:20 of 2nd period - Sami Vatanen is hit by Jordan Nolan and loses puck.
3:43 of 2nd period - Wrist shot by Drew Miller.
3:43 of 2nd period - Goal by Drew Miller - Flames : 1 - Flyers : 3.
3:44 of 2nd period - Marcus Kruger wins face-off versus Peter Prucha in neutral zone.
3:55 of 2nd period - Wrist shot by Mats Zuccarello.
3:55 of 2nd period - Shot Misses the Net.
4:09 of 2nd period - Oliver Ekman-Larsson is hit by Alexander Semin and loses puck.
5:39 of 2nd period - Off-side.
5:40 of 2nd period - Eric Staal wins face-off versus Jeff Carter in neutral zone.
5:43 of 2nd period - Jeff Carter is hit by Alexander Semin and loses puck.
5:56 of 2nd period - Wrist shot by Jakub Voracek.
5:56 of 2nd period - Shot Blocked by Alexander Semin.
6:02 of 2nd period - Tim Ramholt is hit by Jakub Voracek and loses puck.
6:59 of 2nd period - Wrist shot by David Backes.
6:59 of 2nd period - Shot Misses the Net.
7:01 of 2nd period - Snap shot by Alexander Semin.
7:01 of 2nd period - Stopped by Steve Mason with a rebound.
7:36 of 2nd period - Brendan Mikkelson is hit by Brian Lashoff and loses puck.
8:29 of 2nd period - Snap shot by Jakub Voracek.
8:29 of 2nd period - Stopped by Jonas Gustavsson without a rebound.
8:30 of 2nd period - Marcus Kruger wins face-off versus Patrik Berglund in Flames zone.
9:28 of 2nd period - Snap shot by Matthew Lombardi.
9:28 of 2nd period - Shot Blocked by Mikhail Grabovski.
10:17 of 2nd period - Matthew Lombardi is hit by Mikhail Grabovski and loses puck.
12:44 of 2nd period - J.T. Miller is hit by Tim Ramholt and loses puck.
14:35 of 2nd period - Erik Johnson is hit by Mats Zuccarello and loses puck.
14:48 of 2nd period - Peter Prucha is hit by Brian Lashoff and loses puck.
15:33 of 2nd period - Icing by J.T. Miller.
15:34 of 2nd period - Jeff Carter wins face-off versus Colin Wilson in Flyers zone.
16:35 of 2nd period - Colin Wilson is hit by Jeff Woywitka and loses puck.
16:48 of 2nd period - Jeff Woywitka is hit by Mikhail Grabovski and loses puck.
16:59 of 2nd period - J.T. Miller is hit by Eric Staal.
17:46 of 2nd period - Brock Nelson is hit by Brad Marchand and loses puck.
18:13 of 2nd period - Ryan Callahan is hit by Steve Eminger and loses puck.
18:26 of 2nd period - Nathan Beaulieu is hit by Steve Regier.
18:35 of 2nd period - Erik Johnson is hit by Matt Smaby and loses puck.
18:48 of 2nd period - Alexander Semin is hit by Brian Lashoff and loses puck.
19:02 of 2nd period - Alexander Semin is hit by Drew Miller and loses puck.
19:25 of 2nd period - Eric Staal is hit by Matthew Lombardi.
19:31 of 2nd period - Matthew Lombardi is hit by Erik Johnson and loses puck.
19:40 of 2nd period - Sami Vatanen is hit by Chris Mcallister and loses puck.
19:54 of 2nd period - Sami Vatanen is hit by Chris Mcallister and loses puck.
Goals for this period are 1 for Flames vs 1 for Flyers.
Shots for this period are 3 for Flames vs 2 for Flyers.
3rd period
0:01 of 3rd period - Patrik Berglund wins face-off versus Marcus Kruger in neutral zone.
0:14 of 3rd period - Snap shot by Peter Prucha.
0:14 of 3rd period - Stopped by Steve Mason without a rebound.
0:15 of 3rd period - Eric Staal wins face-off versus Jordan Nolan in Flyers zone.
0:18 of 3rd period - Wrist shot by Alexander Semin.
0:18 of 3rd period - Stopped by Steve Mason with a rebound.
0:26 of 3rd period - Snap shot by Jordan Nolan.
0:26 of 3rd period - Shot Misses the Net.
1:06 of 3rd period - Jeff Carter is hit by Mikhail Grabovski and loses puck.
1:15 of 3rd period - Slapshot by David Ullstrom.
1:15 of 3rd period - Shot Misses the Net.
1:17 of 3rd period - Slapshot by Brendan Mikkelson.
1:17 of 3rd period - Shot Misses the Net.
1:27 of 3rd period - Snap shot by Colin Wilson.
1:27 of 3rd period - Shot Misses the Net.
1:29 of 3rd period - Snap shot by Brendan Mikkelson.
1:29 of 3rd period - Shot Blocked by Matt Smaby.
1:31 of 3rd period - Wrist shot by Colin Wilson.
1:31 of 3rd period - Stopped by Steve Mason with a rebound.
1:34 of 3rd period - Icing by Matt Smaby.
1:35 of 3rd period - Matthew Lombardi wins face-off versus Patrik Berglund in Flyers zone.
1:40 of 3rd period - Slapshot by Matt Smaby.
1:40 of 3rd period - Stopped by Jonas Gustavsson with a rebound.
1:52 of 3rd period - Snap shot by Matthew Lombardi.
1:52 of 3rd period - Stopped by Jonas Gustavsson without a rebound.
1:53 of 3rd period - Eric Staal wins face-off versus J.T. Miller in Flames zone.
2:43 of 3rd period - Jeff Carter is hit by Jordin Tootoo and loses puck.
3:29 of 3rd period - Wrist shot by J.T. Miller.
3:29 of 3rd period - Stopped by Jonas Gustavsson with a rebound.
3:45 of 3rd period - Brian Lashoff is hit by Tim Ramholt and loses puck.
4:01 of 3rd period - Sami Vatanen is hit by Brian Lashoff and loses puck.
4:26 of 3rd period - Wrist shot by J.T. Miller.
4:26 of 3rd period - Stopped by Jonas Gustavsson with a rebound.
4:47 of 3rd period - Eric Staal is hit by Tomas Kubalik and loses puck.
4:58 of 3rd period - Backhand shot by Eric Staal.
4:58 of 3rd period - Stopped by Steve Mason without a rebound.
4:59 of 3rd period - Matthew Lombardi wins face-off versus Patrik Berglund in Flyers zone.
5:29 of 3rd period - Brock Nelson is hit by Brendan Mikkelson.
5:51 of 3rd period - Snap shot by Drew Miller.
5:51 of 3rd period - Goal by Drew Miller - Flames : 1 - Flyers : 4.
5:51 of 3rd period - Pekka Rinne enters game.
5:52 of 3rd period - Marcus Kruger wins face-off versus Patrik Berglund in neutral zone.
6:17 of 3rd period - Erik Johnson is hit by Oliver Ekman-Larsson and loses puck.
6:45 of 3rd period - Jordin Tootoo is hit by Jakub Voracek and loses puck.
7:00 of 3rd period - Snap shot by Colin Wilson.
7:00 of 3rd period - Stopped by Steve Mason with a rebound.
7:37 of 3rd period - Icing by Derek Meech.
7:38 of 3rd period - Jordan Nolan wins face-off versus Eric Staal in Flames zone.
8:31 of 3rd period - Oliver Ekman-Larsson is hit by Brendan Mikkelson and loses puck.
8:50 of 3rd period - Slapshot by Jonathan Ericsson.
8:50 of 3rd period - Shot Hit the Post.
8:56 of 3rd period - Jonathan Ericsson is hit by Mikhail Grabovski and loses puck.
9:11 of 3rd period - Brad Marchand is hit by Brock Nelson and loses puck.
9:40 of 3rd period - Slapshot by Marcus Kruger.
9:40 of 3rd period - Stopped by Pekka Rinne without a rebound.
9:41 of 3rd period - Jeff Carter wins face-off versus Eric Staal in Flames zone.
9:42 of 3rd period - Slapshot by Drew Miller.
9:42 of 3rd period - Stopped by Pekka Rinne with a rebound.
10:18 of 3rd period - Wrist shot by Jordan Nolan.
10:18 of 3rd period - Stopped by Pekka Rinne without a rebound.
10:19 of 3rd period - Eric Staal wins face-off versus J.T. Miller in Flames zone.
10:19 of 3rd period - Eric Staal is hit by J.T. Miller.
10:29 of 3rd period - Snap shot by David Backes.
10:29 of 3rd period - Stopped by Steve Mason with a rebound.
10:31 of 3rd period - Slapshot by Steve Eminger.
10:31 of 3rd period - Shot Misses the Net.
10:33 of 3rd period - Snap shot by Derek Meech.
10:33 of 3rd period - Shot Misses the Net.
10:35 of 3rd period - Snap shot by David Backes.
10:35 of 3rd period - Stopped by Steve Mason without a rebound.
10:36 of 3rd period - Jordan Nolan wins face-off versus Patrik Berglund in Flyers zone.
11:32 of 3rd period - Snap shot by Steve Regier.
11:32 of 3rd period - Stopped by Steve Mason without a rebound.
11:33 of 3rd period - Brock Nelson wins face-off versus Patrik Berglund in Flyers zone.
12:00 of 3rd period - Steve Eminger is hit by Nathan Beaulieu and loses puck.
12:48 of 3rd period - Matthew Lombardi is hit by Peter Prucha and loses puck.
13:55 of 3rd period - Wrist shot by Mats Zuccarello.
13:55 of 3rd period - Stopped by Pekka Rinne without a rebound.
13:56 of 3rd period - Jordan Nolan wins face-off versus Eric Staal in Flames zone.
14:57 of 3rd period - Patrik Berglund is hit by Nathan Beaulieu and loses puck.
15:14 of 3rd period - Snap shot by Nathan Beaulieu.
15:14 of 3rd period - Shot Misses the Net.
15:16 of 3rd period - Snap shot by Nathan Beaulieu.
15:16 of 3rd period - Stopped by Pekka Rinne with a rebound.
15:18 of 3rd period - Slapshot by Oliver Ekman-Larsson.
15:18 of 3rd period - Stopped by Pekka Rinne with a rebound.
15:20 of 3rd period - Wrist shot by Chris Mcallister.
15:20 of 3rd period - Goal by Chris Mcallister - Flames : 1 - Flyers : 5.
15:21 of 3rd period - Marcus Kruger wins face-off versus Brad Marchand in neutral zone.
15:48 of 3rd period - Derek Meech is hit by Brock Nelson and loses puck.
15:53 of 3rd period - Snap shot by Jordan Nolan.
15:53 of 3rd period - Shot Misses the Net.
15:55 of 3rd period - Wrist shot by Jordan Nolan.
15:55 of 3rd period - Shot Misses the Net.
15:57 of 3rd period - Wrist shot by Brock Nelson.
15:57 of 3rd period - Shot Misses the Net.
16:46 of 3rd period - Jeff Carter is hit by Peter Prucha and loses puck.
17:17 of 3rd period - Snap shot by Mats Zuccarello.
17:17 of 3rd period - Stopped by Pekka Rinne with a rebound.
17:19 of 3rd period - Slapshot by Oliver Ekman-Larsson.
17:19 of 3rd period - Deflect By Brock Nelson.
17:19 of 3rd period - Stopped by Pekka Rinne with a rebound.
17:21 of 3rd period - Snap shot by Tomas Kubalik.
17:21 of 3rd period - Shot Misses the Net.
17:23 of 3rd period - Backhand shot by Tomas Kubalik.
17:23 of 3rd period - Stopped by Pekka Rinne with a rebound.
17:25 of 3rd period - Snap shot by Tomas Kubalik.
17:25 of 3rd period - Deflect By Brock Nelson.
17:25 of 3rd period - Goal by Brock Nelson - Flames : 1 - Flyers : 6.
17:26 of 3rd period - Jordan Nolan wins face-off versus Eric Staal in neutral zone.
18:04 of 3rd period - Steve Eminger is hit by Marcus Kruger and loses puck.
18:37 of 3rd period - Wrist shot by Tomas Kubalik.
18:37 of 3rd period - Deflect By Erik Johnson.
18:37 of 3rd period - Shot Misses the Net.
18:37 of 3rd period - Puck is out of play.
18:38 of 3rd period - Alexander Semin wins face-off versus Jordan Nolan in Flames zone.
18:43 of 3rd period - Jonathan Ericsson is hit by Sami Vatanen and loses puck.
18:48 of 3rd period - Wrist shot by Alexander Semin.
18:48 of 3rd period - Stopped by Steve Mason with a rebound.
18:50 of 3rd period - Snap shot by Sami Vatanen.
18:50 of 3rd period - Shot Misses the Net.
18:52 of 3rd period - Snap shot by Eric Staal.
18:52 of 3rd period - Deflect By Alexander Semin.
18:52 of 3rd period - Stopped by Steve Mason with a rebound.
18:54 of 3rd period - Wrist shot by Eric Staal.
18:54 of 3rd period - Stopped by Steve Mason with a rebound.
19:14 of 3rd period - Wrist shot by Mats Zuccarello.
19:14 of 3rd period - Shot Blocked by Brad Marchand.
19:16 of 3rd period - Wrist shot by J.T. Miller.
19:16 of 3rd period - Stopped by Pekka Rinne without a rebound.
19:17 of 3rd period - Jeff Carter wins face-off versus Eric Staal in Flames zone.
19:20 of 3rd period - Wrist shot by Jakub Voracek.
19:20 of 3rd period - Shot Misses the Net.
19:30 of 3rd period - Wrist shot by Jakub Voracek.
19:30 of 3rd period - Stopped by Pekka Rinne without a rebound.
19:31 of 3rd period - Jordan Nolan wins face-off versus Patrik Berglund in Flames zone.
Goals for this period are 0 for Flames vs 3 for Flyers.
Shots for this period are 11 for Flames vs 18 for Flyers.
Back to the Top